 Dungeon Crawl Stone Soup version 0.27.1-1-g398f81649c (webtiles) character file.

Game seed: 16637219313308755561

303682 HenryVIII the Conqueror (level 20, -22/216 HPs)
             Began as a Minotaur Berserker on Sept 14, 2021.
             Was the Champion of Trog.
             Annihilated by a white very ugly thing (70 damage)
             ... on level 1 of the Vaults on Sept 19, 2021.
             The game lasted 06:10:56 (48161 turns).

HenryVIII the Conqueror (Minotaur Berserker)       Turns: 48161, Time: 06:10:58

Health: -22/216    AC: 20    Str: 33    XL:     20   Next: 24%
Magic:  19/19      EV: 13    Int:  4    God:    Trog [******]
Gold:   3931       SH:  0    Dex: 14    Spells: 19/19 levels left

rFire    + . .     SeeInvis .   a - +4 glaive (vorpal)
rCold    x . .     Faith    .   (shield currently unavailable)
rNeg     . . .     Spirit   .   d - +2 swamp dragon scales
rPois    +         Reflect  .   (helmet restricted)
rElec    .         Harm     .   P - scarf {repulsion}
rCorr    .         Rampage  .   m - +1 pair of gloves
Will     +....                  v - +2 pair of boots
Stlth    +.........             C - amulet of regeneration
HPRegen  1.46/turn              y - +6 ring of strength
MPRegen  0.16/turn              R - ring of fire

@: repel missiles
A: horns 2, retaliatory headbutt
}: 2/15 runes: decaying, serpentine
a: Renounce Religion, Berserk, Trog's Hand, Brothers in Arms


You were on level 1 of the Vaults.
You worshipped Trog.
Trog was exalted by your worship.
You visited 8 branches of the dungeon, and saw 37 of its levels.
You also visited: Volcano.

You collected 5057 gold pieces.
You spent 1126 gold pieces at shops.

Inventory:

Hand Weapons
 a - a +4 vorpal glaive (weapon)
 b - a +2 shortbow of flaming
 j - a +3 antimagic glaive
 U - a +3 glaive of flaming
Missiles
 t - 1407 arrows
 I - 26 boomerangs (quivered)
 J - 299 bolts
 O - 3 boomerangs of dispersal
 T - 2 throwing nets
 Z - a javelin
Armour
 d - +2 swamp dragon scales (worn)
 m - a +1 pair of gloves (worn)
 v - a +2 pair of boots (worn)
 P - a scarf of repulsion (worn)
Jewellery
 g - the ring of Charity {rPois rC+ rN++ rCorr Int-3}
   (You found it on level 6 of the Lair of Beasts)

   [ring of protection from cold]

   Int:       It affects your intelligence (-3).
   rC:        It protects you from cold.
   rPois:     It protects you from poison.
   rN:        It greatly protects you from negative energy.
   rCorr:     It protects you from acid and corrosion.
 h - the ring "Reshei Kuoc" {rCorr Str+2}
   (You acquired it on level 4 of the Snake Pit)

   [ring of resist corrosion]

   Str:       It affects your strength (+2).
   rCorr:     It protects you from acid and corrosion.
 p - a ring of see invisible
 w - a +4 ring of protection
 y - a +6 ring of strength (left hand)
 C - an amulet of regeneration (around neck)
 K - a +6 ring of dexterity
 R - a ring of fire (right hand)
Wands
 n - a wand of acid (51)
 x - a wand of iceblast (13)
 B - a wand of polymorph (30)
 D - a wand of paralysis (22)
 Q - a wand of digging (13)
Scrolls
 e - 10 scrolls of teleportation
 k - 4 scrolls of fear
 o - 4 scrolls of blinking
 s - 3 scrolls of immolation
 F - 3 scrolls of torment
 G - 3 scrolls of silence
 H - 8 scrolls of identify
 L - 3 scrolls of enchant armour
 V - 5 scrolls of fog
Potions
 f - 4 potions of resistance
 i - 8 potions of flight
 l - 2 potions of invisibility
 r - 5 potions of attraction
 u - 2 potions of haste
 z - 18 potions of curing
 A - 10 potions of lignification
 E - 6 potions of mutation
 M - 3 potions of ambrosia
 S - 6 potions of might
 W - 5 potions of heal wounds
 Y - a potion of berserk rage
Miscellaneous
 c - a box of beasts
 q - a condenser vane
 N - a phial of floods
 X - a piece from Xom's chessboard (15/15)


   Skills:
 O Level 27 Fighting
 + Level 24.5 Polearms
 - Level 7.0 Bows
 - Level 1.0 Throwing
 + Level 14.9 Armour
 - Level 5.0 Dodging
 - Level 0.1 Shields
 - Level 2.0 Evocations


You had 19 spell levels left.
You didn't know any spells.
Your spell library contained the following spells:

 Spells                   Type           Power      Damage    Failure   Level
 Corona                   Hex            0%         N/A       56%         1
 Foxfire                  Conj/Fire      0%         2x1d4     56%         1
 Magic Dart               Conj           0%         1d3       56%         1
 Shock                    Conj/Air       0%         1d3       56%         1
 Sting                    Tmut/Pois      0%         1d3       56%         1
 Ensorcelled Hibernation  Hex/Ice        0%         N/A       71%         2
 Poisonous Vapours        Pois/Air       0%         N/A       71%         2
 Searing Ray              Conj           0%         3d3       71%         2
 Slow                     Hex            0%         N/A       71%         2
 Static Discharge         Conj/Air       0%         N/A       71%         2
 Sublimation of Blood     Necr           0%         N/A       71%         2
 Wereblood                Tmut           0%         N/A       71%         2
 Call Canine Familiar     Summ           0%         N/A       91%         3
 Confusing Touch          Hex            0%         N/A       91%         3
 Conjure Flame            Conj/Fire      0%         6-21      91%         3
 Dazzling Flash           Conj/Hex       0%         N/A       91%         3
 Gell's Gravitas          Tloc           0%         N/A       91%         3
 Ignite Poison            Fire/Tmut/Pois 0%         N/A       91%         3
 Inner Flame              Hex/Fire       0%         N/A       91%         3
 Lesser Beckoning         Tloc           0%         N/A       91%         3
 Mephitic Cloud           Conj/Pois/Air  0%         N/A       91%         3
 Portal Projectile        Hex/Tloc       0%         N/A       91%         3
 Stone Arrow              Conj/Erth      0%         3d7       91%         3
 Teleport Other           Tloc           0%         N/A       91%         3
 Tukima's Dance           Hex            0%         N/A       91%         3
 Animate Armour           Summ/Erth      0%         N/A       100%        4
 Animate Dead             Necr           0%         N/A       100%        4
 Dispel Undead            Necr           0%         3d6       100%        4
 Fulminant Prism          Conj/Hex       0%         3d6       100%        4
 Iskenderun's Mystic Bla  Conj/Tloc      0%         2d3       100%        4
 Leda's Liquefaction      Hex/Erth       0%         N/A       100%        4
 Olgreb's Toxic Radiance  Pois           0%         N/A       100%        4
 Sticky Flame             Conj/Fire      0%         2d3       100%        4
 Bolt of Magma            Conj/Fire/Erth 0%         4d4       100%        5
 Fireball                 Conj/Fire      0%         3d3       100%        5
 Irradiate                Conj/Tmut      0%         3d14      100%        5
 Iskenderun's Battlesphe  Conj           0%         2d6       100%        5
 Lightning Bolt           Conj/Air       0%         1d11      100%        5
 Yara's Violent Unravell  Hex/Tmut       0%         3d3       100%        5
 Dispersal                Tloc           0%         N/A       100%        6
 Iron Shot                Conj/Erth      0%         9d1       100%        6
 Shadow Creatures         Summ           N/A        N/A       100%        6
 Starburst                Conj/Fire      0%         6d3       100%        6
 Haunt                    Necr/Summ      0%         N/A       100%        7
 Spellforged Servitor     Conj/Summ      0%         N/A       100%        7
 Summon Hydra             Summ           0%         N/A       100%        7
 Ignition                 Fire           0%         3d3       100%        8
 Infestation              Necr           0%         N/A       100%        8
 Lehudib's Crystal Spear  Conj/Erth      0%         10d2      100%        8
 Maxwell's Capacitive Co  Air            0%         ∞         100%        8
 Shatter                  Erth           0%         3d5*      100%        9


Dungeon Overview and Level Annotations

Branches:
Dungeon (15/15)            Temple (1/1) D:4            Lair (6/6) D:10
  Swamp (4/4) Lair:3        Snake (4/4) Lair:4        Slime (0/5) Lair:6
    Orc (2/2) D:10            Elf (2/3) Orc:2        Vaults (3/5) D:13
 Depths (0/5) D:15        Volcano (visited)
  Crypt: Vaults:2-3

Altars:
Ashenzari
Cheibriados
Dithmenos
Elyvilon
Fedhas
Gozag
Hepliaklqana
Kikubaaqudgha
Makhleb
Nemelex Xobeh
Okawaru
Qazlal
Ru
Sif Muna
Trog
Uskayaw
Vehumet
Wu Jian
Xom
Yredelemnul
Zin
The Shining One
Beogh
Jiyva

Shops:
D:1 =   D:9 *   D:10 [   D:13 [   D:14 !   Orc:2 [?[([   Elf:1 [   Snake:4 [
Vaults:1 !   Vaults:2 *

Annotations:
Lair:2 exclusion: oklob plant


Innate Abilities, Weirdness & Mutations

You have a pair of horns on your head.
You reflexively headbutt those who attack you in melee.


Message History

The white very ugly thing basks in the mutagenic energy from its kin and changes!
You climb upwards.
You feel very sick.
There is a stone staircase leading down here.
You start resting.
You feel sick. x8
You are no longer poisoned.
You start resting.
HP restored.
You climb downwards.
The green very ugly thing trunk-slaps you.
The white very ugly thing claws you but does no damage.
The green very ugly thing trunk-slaps you but does no damage.
There is a stone staircase leading up, spattered with blood here.
The white very ugly thing closely misses you.
The green very ugly thing trunk-slaps you!
You climb upwards.
There is a stone staircase leading down here.
You chop the white very ugly thing into pieces!!!
The white very ugly thing is heavily wounded.
The white very ugly thing claws you!
The white very ugly thing freezes you!!!
You feel a terrible chill!
The green very ugly thing trunk-slaps you but does no damage.
You hit the white very ugly thing.
Your headbutt misses the white very ugly thing.
The white very ugly thing is heavily wounded.
The white very ugly thing claws you.
The white very ugly thing freezes you!!!!
You feel a terrible chill!
* * * LOW HITPOINT WARNING * * *
Okay, then.
Unknown command.
Your iron troll goes berserk!
The green very ugly thing trunk-slaps you.
* * * LOW HITPOINT WARNING * * *
The white very ugly thing claws you.
* * * LOW HITPOINT WARNING * * *
The white very ugly thing freezes you!!!
You feel a terrible chill!
You die...

##########......# #....#
#..'.....'......# #.[..#
#..'.....'......# #....#
#''####..#......# #....#
'..# #..#......# #....#
#..# #..#......# #....#
#''####''#############....#
#........# #...u.....#....#
#........# #....@....#....#
########## #...u.....#....#
# #......T..#....# #
#.........'....# #
#.........#....# #
###########....# # #....# #
#....# # #....#


You could see 2 very ugly things and a friendly iron troll (summoned, berserk).

Vanquished Creatures
  Vashnia (Snake:4)
  Saint Roka (Snake:3)
  Jorgrun (D:15)
  A tentacled monstrosity (Swamp:2)
  5 thorn hunters
  A tengu reaver (Vaults:1)
  A sphinx (D:14)
  Donald (Snake:2)
  Kirke (Snake:1)
  15 nagarajas
  A frost giant (D:15)
  Aizul (Snake:2)
  A deep elf sorcerer (Elf:1)
  The ghost of Skiberibeda the Grappler, a journeyman TrMo (Lair:6)
  4 vault wardens
  4 very ugly things
  8 ironbound preservers
  A red draconian (Volcano)
  A deep elf demonologist (Elf:1)
  4 bunyips
  5 dire elephants
  A crystal guardian (Vaults:2)
  7 eleionomae
  2 yaktaur captains
  A great orb of eyes (Vaults:3)
  3 ironbound thunderhulks
  9 vault guards
  15 naga warriors
  A peacekeeper (Vaults:2)
  2 spriggan air magi
  2 ironbound frosthearts (Vaults:1)
  4 boulder beetles
  2 death knights
  2 salamander tyrants (Snake:4)
  13 centaur warriors
  A ghost crab (Swamp:4)
  3 catoblepae
  2 anacondas (Snake:2)
  4 death yaks
  27 hydras
  8 two-headed ogres
  6 dancing weapons
  A satyr (shapeshifter) (D:13)
  6 alligators
  5 tengu warriors
  An orc high priest (Orc:1)
  A spriggan berserker (Swamp:4)
  17 naga sharpshooters
  An ironbound beastmaster (Vaults:2)
  3 shock serpents
  Nergalle (Orc:1)
  3 spriggans
  4 skeletal warriors
  6 deep elf knights (Elf:1)
  2 salamander mystics
  A spectral death yak (Lair:6)
  6 goliath frogs
  26 deep trolls
  A spectral anaconda (Lair:6)
  10 swamp dragons
  5 naga ritualists
  4 spriggan druids
  A glowing orange brain (shapeshifter) (Vaults:2)
  4 ironbound convokers (Vaults:2)
  An obsidian statue (Lair:6)
  13 bog bodies
  10 deep elf archers (Elf:1)
  4 necromancers (Lair:6)
  4 wizards
  An orc knight (Orc:1)
  5 cyclopes
  16 deep elf pyromancers
  12 salamanders
  8 mana vipers
  19 deep elf zephyrmancers
  15 ugly things
  5 orc sorcerers
  3 will-o-the-wisps
  5 manticores
  7 guardian serpents (Snake:4)
  2 moths of wrath (Lair:6)
  28 black mambas
  15 naga magi
  2 vault sentinels (Vaults:1)
  21 elephants
  14 cane toads
  Psyche (D:12)
  2 dire elephant skeletons (Lair:6)
  2 gargoyles
  10 komodo dragons
  2 rime drakes
  14 yaktaurs
  2 freezing wraiths (D:14)
  An unseen horror (D:13)
  A kobold demonologist (D:14)
  An efreet (D:14)
  5 tengu conjurers
  A polar bear (Lair:2)
  8 trolls
  A meliai (D:13)
  A polar bear (shapeshifter) (D:13)
  9 tyrant leeches
  2 bloated husks
  5 hornets
  19 blink frogs
  4 dream sheep (Lair:6)
  22 slime creatures
  A dream sheep (shapeshifter) (D:14)
  2 centaur simulacra (D:14)
  An air elemental (Elf:1)
  A redback (D:14)
  46 yaks
  6 fire bats (Volcano)
  A vampire (D:14)
  A wyvern (shapeshifter) (D:14)
  4 wyverns
  6 basilisks
  A fire elemental (Elf:2)
  5 hogs (Snake:1)
  A golden eye (shapeshifter) (D:13)
  7 vampire mosquitoes
  9 swamp worms
  2 wargs
  A warg (shapeshifter) (D:15)
  An acid dragon (D:14)
  16 water moccasins
  29 nagas
  The ghost of RawMediocrity the Sneak, an amateur SpEn of Kikubaaqudgha (D:3)
  8 swamp drakes
  3 ice beasts
  A black bear (shapeshifter) (D:14)
  25 orc warriors
  A black bear (D:10)
  An elephant zombie (Lair:6)
  6 ogres
  17 wolves
  An elephant skeleton (Lair:6)
  A boggart (D:14)
  12 centaurs
  A necrophage (D:5)
  A phantom (D:6)
  2 kobold brigands
  Blork the orc (D:4)
  14 bullfrogs
  A gnoll sergeant (D:8)
  3 scorpions
  A cane toad simulacrum (Lair:6)
  2 water moccasin zombies (D:5)
  9 killer bees
  13 wights
  2 electric eels
  5 lava snakes (Volcano)
  2 howler monkeys
  A crimson imp (D:8)
  A centaur zombie (D:7)
  A hound (D:4)
  A bullfrog skeleton (D:3)
  24 orc priests
  4 centaur skeletons
  Ijyb (D:4)
  39 orc wizards
  A hound zombie (D:5)
  A hound skeleton (D:4)
  2 howler monkey zombies
  9 gnolls
  6 adders
  2 ufetubi (D:4)
  An adder skeleton (D:4)
  2 worms
  3 dart slugs
  62 orcs
  8 bats
  9 endoplasms
  5 giant cockroaches
  4 goblins
  7 hobgoblins
  2 jackals (D:4)
  3 quokkas
  7 ball pythons
  A frilled lizard (D:1)
  15 kobolds
  5 rats
1108 creatures vanquished.

Vanquished Creatures (collateral kills)
  Rupert (Lair:3)
  A fire giant (D:14)
  A vault warden (Vaults:2)
  A bunyip (Swamp:3)
  An ettin (D:14)
  A hydra (Swamp:3)
  A catoblepas (D:14)
  3 centaur warriors (D:14)
  A deep elf pyromancer (D:14)
  A wolf spider (D:14)
  A freezing wraith (D:14)
  A yaktaur (shapeshifter) (D:14)
  A polar bear (Lair:6)
  A tyrant leech (Swamp:3)
  3 dream sheep (Lair:6)
  A wyvern (Lair:6)
  A vampire mosquito (D:14)
  A basilisk (D:14)
  3 swamp worms (Swamp:3)
  2 swamp drakes (Swamp:3)
27 creatures vanquished.

Vanquished Creatures (others)
  A deep elf knight (Elf:1)
  A deep elf zephyrmancer (Elf:1)
  A deep elf pyromancer (Elf:1)
  2 briar patches (Swamp:4)
  8 foxfires
  34 fungi
  50 plants
  7 withered plants (Lair:6)
104 creatures vanquished.

Grand Total: 1239 creatures vanquished

Notes
Turn   | Place    | Note
-------+----------+-------------------------------------------
     0 | D:1      | HenryVIII the Minotaur Berserker began the quest for the
                  | Orb.
     0 | D:1      | Reached XP level 1. HP: 19/19 MP: 0/0
   169 | D:1      | Reached skill level 4 in Fighting
   169 | D:1      | Reached XP level 2. HP: 27/27 MP: 1/1
   489 | D:1      | Found Niobocid's Jewellery Shoppe.
   505 | D:1      | Reached XP level 3. HP: 33/33 MP: 2/2
   645 | D:2      | Reached ** piety under Trog
   795 | D:2      | Reached skill level 1 in Throwing
  1253 | D:2      | Found a faded altar of an unknown god.
  1486 | D:3      | Reached skill level 5 in Polearms
  1486 | D:3      | Reached XP level 4. HP: 41/41 MP: 3/3
  1781 | D:3      | Reached skill level 5 in Fighting
  1962 | D:3      | Found a runed translucent gate.
  1963 | D:3      | Found a runed translucent gate.
  1963 | D:3      | Found a runed translucent gate.
  1963 | D:3      | Noticed RawMediocrity's ghost (amateur SpEn)
  2237 | D:4      | Noticed a centaur
  2308 | D:4      | Reached *** piety under Trog
  2340 | D:4      | Reached XP level 5. HP: 48/48 MP: 4/4
  2508 | D:4      | Reached XP level 6. HP: 57/57 MP: 5/5
  2551 | D:4      | Found a staircase to the Ecumenical Temple.
  2557 | Temple   | Entered the Ecumenical Temple
  2808 | D:4      | Reached skill level 6 in Fighting
  3094 | D:4      | Noticed Blork the orc
  3096 | D:5      | Entered Level 5 of the Dungeon
  3096 | D:5      | Noticed a yak
  3096 | D:5      | Noticed a yak
  3096 | D:5      | Noticed a water moccasin
  3099 | D:5      | Noticed a yak
  3099 | D:5      | Noticed a yak
  3180 | D:4      | Killed Blork the orc
  3247 | D:5      | Noticed an ice beast
  3305 | D:4      | Reached XP level 7. HP: 56/64 MP: 6/6
  3530 | D:4      | Noticed Ijyb
  3537 | D:4      | Killed Ijyb
  3537 | D:4      | Reached **** piety under Trog
  3665 | D:4      | Reached skill level 7 in Fighting
  3704 | D:5      | Noticed a yak
  3713 | D:4      | Killed a yak
  3730 | D:4      | Killed a yak
  3731 | D:4      | Reached XP level 8. HP: 11/74 MP: 7/7
  3942 | D:5      | Reached skill level 8 in Fighting
  4046 | D:5      | Reached skill level 10 in Polearms
  4467 | D:5      | Found an iron altar of Okawaru.
  4509 | D:4      | Reached skill level 9 in Fighting
  4521 | D:4      | Reached XP level 9. HP: 84/84 MP: 8/8
  4742 | D:3      | Killed RawMediocrity's ghost
  4981 | D:6      | Found a broken altar of Ashenzari.
  5471 | D:6      | Found a bloodstained altar of Trog.
  5615 | D:7      | Reached skill level 10 in Fighting
  5665 | D:7      | Found a glowing golden altar of the Shining One.
  5748 | D:8      | Reached skill level 1 in Bows
  5981 | D:7      | Found a sparkling altar of Nemelex Xobeh.
  5981 | D:7      | Found a blossoming altar of Fedhas.
  6293 | D:7      | Paralysed by a hornet for 2 turns
  6544 | D:8      | Reached ***** piety under Trog
  6690 | D:8      | Reached XP level 10. HP: 94/94 MP: 9/9
  6796 | D:8      | Reached skill level 11 in Fighting
  6827 | D:8      | Received a gift from Trog
  6852 | D:8      | Identified the +1 ring mail of Dithmenos's Scorn {rElec
                  | rPois rC- MP+9}
  6917 | D:8      | Found a burning altar of Makhleb.
  7379 | D:10     | Entered Level 10 of the Dungeon
  7423 | D:10     | Reached skill level 5 in Bows
  7436 | D:10     | Reached skill level 12 in Fighting
  7526 | D:9      | Found Tampuu's Gadget Gallery.
  7565 | D:9      | Found a shimmering blue altar of Sif Muna.
  7984 | D:9      | Found a snail-covered altar of Cheibriados.
  8067 | D:9      | Found a hazy altar of Hepliaklqana.
  8108 | D:9      | Found a white marble altar of Elyvilon.
  8194 | D:10     | Found a staircase to the Lair.
  8225 | D:10     | Found a stormy altar of Qazlal.
  8267 | Lair:1   | Entered Level 1 of the Lair of Beasts
  8328 | Lair:1   | Identified the +0 helmet of the Dolphin {rElec Will- Str+8
                  | Int-4}
  8385 | Lair:1   | Reached XP level 11. HP: 101/105 MP: 10/10
  8604 | Lair:1   | Found a dark tunnel.
  8614 | Volcano  | Entered a volcano
  8637 | Volcano  | Reached skill level 13 in Fighting
  8751 | Volcano  | Noticed a centaur warrior
  8751 | Volcano  | Noticed a red draconian
  8761 | Volcano  | Killed a centaur warrior
  8762 | Volcano  | Reached skill level 15 in Polearms
  8779 | Volcano  | Killed a red draconian
  8780 | Volcano  | Found a bloodstained altar of Trog.
  8981 | Volcano  | Found a burning altar of Makhleb.
  9216 | Lair:1   | Reached skill level 14 in Fighting
  9885 | Lair:1   | Identified a scroll of acquirement
  9885 | Lair:1   | Acquired 500 gold pieces
 10048 | Lair:2   | Reached XP level 12. HP: 106/118 MP: 11/11
 10368 | Lair:2   | Reached skill level 15 in Fighting
 11471 | Lair:3   | Noticed Rupert
 11479 | Lair:3   | Killed Rupert
 11653 | Lair:4   | Noticed a death yak
 11653 | Lair:4   | Noticed a death yak
 11653 | Lair:4   | Noticed a death yak
 11663 | Lair:3   | Killed a death yak
 11694 | Lair:3   | Reached skill level 16 in Fighting
 11697 | Lair:3   | Killed a death yak
 11703 | Lair:3   | Killed a death yak
 12129 | Lair:3   | Reached skill level 5 in Armour
 12190 | Lair:3   | Found a staircase to the Swamp.
 12219 | Swamp:1  | Entered Level 1 of the Swamp
 13062 | D:10     | Found a staircase to the Orcish Mines.
 13066 | Orc:1    | Entered Level 1 of the Orcish Mines
 13082 | Orc:1    | Reached XP level 13. HP: 38/130 MP: 12/12
 13238 | D:10     | Found Vieziuh's Armour Shop.
 13259 | D:10     | Found a radiant altar of Vehumet.
 13642 | D:11     | Reached skill level 17 in Fighting
 14152 | D:12     | Noticed Psyche
 14156 | D:12     | Killed Psyche
 14421 | D:12     | HP: 4/133 [skeletal warrior[a skeletal warrior] (22)]
 15115 | D:11     | You fall into a shaft and drop 3 floors!
 15941 | D:13     | Found a gate to the Vaults.
 16205 | Lair:4   | Reached skill level 18 in Fighting
 16349 | Lair:4   | Found a staircase to the Snake Pit.
 17076 | Lair:5   | Reached XP level 14. HP: 128/144 MP: 13/13
 17197 | Lair:6   | Entered Level 6 of the Lair of Beasts
 17203 | Lair:6   | Received a gift from Trog
 17204 | Lair:6   | Reached skill level 19 in Fighting
 17774 | Lair:6   | Found a viscous altar of Jiyva.
 17774 | Lair:6   | Found a staircase to the Slime Pits.
 18067 | Lair:6   | Noticed Skiberibeda's ghost (journeyman TrMo)
 18074 | Lair:6   | Found a transporter.
 18211 | Lair:6   | Found a transporter.
 18629 | Lair:6   | Reached skill level 20 in Fighting
 19050 | Lair:6   | Reached ****** piety under Trog
 19086 | Lair:6   | Identified the +0 helmet "Afoco" {rPois Will- Regen+ Str+5}
 19681 | Orc:2    | Entered Level 2 of the Orcish Mines
 19746 | Orc:1    | Received a gift from Trog
 19821 | Orc:1    | Noticed Nergalle
 19827 | Orc:1    | Killed Nergalle
 20243 | Orc:1    | Received a gift from Trog
 20584 | Orc:2    | Found Qusky's Antique Armour Emporium.
 20590 | Orc:2    | Found a staircase to the Elven Halls.
 21149 | Orc:2    | Paralysed by an orc sorcerer for 7 turns
 21219 | Orc:2    | Found Aqituk's Weapon Boutique.
 21220 | Orc:2    | Found Yxzarreg's Magic Scroll Shop.
 21221 | Orc:2    | Found Loredic's Armour Shop.
 21224 | Orc:2    | Found Sipteab's Armour Boutique.
 21231 | Orc:2    | Bought a scroll of blinking for 90 gold pieces
 21231 | Orc:2    | Bought a scroll of teleportation for 36 gold pieces
 21405 | D:13     | Found Vonnun's Armour Boutique.
 21462 | D:13     | Reached XP level 15. HP: 157/157 MP: 14/14
 21466 | D:13     | Reached skill level 21 in Fighting
 22340 | D:13     | Identified the +2 helmet of the Lost Path {Dex+4}
 22847 | D:14     | Found Rocy's Distillery.
 22855 | D:14     | Bought a potion of heal wounds for 80 gold pieces
 22855 | D:14     | Bought a potion of might for 64 gold pieces
 22855 | D:14     | Bought a potion of haste for 160 gold pieces
 23396 | D:14     | Found a stormy altar of Qazlal.
 23556 | D:15     | Entered Level 15 of the Dungeon
 23901 | D:14     | Reached skill level 22 in Fighting
 24370 | D:14     | Noticed a sphinx
 24379 | D:14     | Killed a sphinx
 24380 | D:14     | Noticed a fire giant
 24387 | D:14     | Killed a fire giant
 26003 | D:14     | Reached skill level 1 in Evocations
 26109 | D:14     | Reached XP level 16. HP: 149/171 MP: 11/15
 26130 | D:14     | Reached skill level 23 in Fighting
 26723 | D:15     | Received a gift from Trog
 26836 | D:15     | Found a staircase to the Depths.
 27147 | D:15     | Noticed Jorgrun
 27156 | D:15     | Killed Jorgrun
 28055 | D:15     | Found a staircase to the Depths.
 29671 | Swamp:1  | Reached skill level 5 in Dodging
 30300 | Swamp:2  | Noticed a tentacled monstrosity
 30381 | Swamp:2  | Killed a tentacled monstrosity
 30381 | Swamp:2  | Received a gift from Trog
 30484 | Swamp:2  | Noticed a thorn hunter
 30495 | Swamp:2  | Killed a thorn hunter
 30885 | Swamp:2  | Identified the +1 plate armour of Tartarus {rCorr}
 30968 | Swamp:2  | Reached skill level 10 in Armour
 31269 | Swamp:4  | Entered Level 4 of the Swamp
 31319 | Swamp:4  | Reached skill level 24 in Fighting
 32253 | Snake:1  | Entered Level 1 of the Snake Pit
 32375 | Snake:1  | You fall into a shaft and drop 1 floor!
 32405 | Snake:2  | Reached XP level 17. HP: 169/182 MP: 16/16
 32414 | Snake:2  | Noticed Donald
 32419 | Snake:2  | Killed Donald
 32579 | Snake:1  | Noticed Kirke
 32669 | Snake:1  | Killed Kirke
 32762 | Lair:4   | Received a gift from Trog
 33573 | Snake:2  | Noticed Aizul
 33585 | Snake:2  | Killed Aizul
 34200 | Snake:3  | Noticed Saint Roka
 34231 | Snake:3  | Killed Saint Roka
 34440 | Snake:3  | Reached skill level 25 in Fighting
 34474 | Snake:4  | Entered Level 4 of the Snake Pit
 35956 | Swamp:4  | Identified the +3 glaive "Demonic Lacertilianbane" {vorpal,
                  | rPois rF+ Stlth+} (Trog gifted it to you on level 4 of the
                  | Swamp)
 35956 | Swamp:4  | Received a gift from Trog
 36308 | Swamp:4  | Reached XP level 18. HP: 153/194 MP: 17/17
 36519 | Swamp:4  | Got a decaying rune of Zot
 37369 | Snake:4  | Noticed Vashnia
 37803 | Snake:4  | HP: 8/196 [naga sharpshooter/arrow[Vashnia] (7)]
 38263 | Snake:4  | Killed Vashnia
 38429 | Snake:4  | Found Muinuo's Antique Armour Boutique.
 38452 | Snake:4  | Reached skill level 26 in Fighting
 38518 | Snake:4  | Acquired the ring "Reshei Kuoc" {rCorr Str+2}
 38787 | D:13     | Bought a scarf of repulsion for 192 gold pieces
 38878 | Lair:1   | Acquired the +7 halberd "Newtbane" {protect, rElec Will-
                  | Int+4 Dex+3}
 38879 | Lair:1   | Acquired 930 gold pieces
 39620 | Snake:4  | Received a gift from Trog
 40484 | Snake:4  | Got a serpentine rune of Zot
 41137 | Elf:1    | Entered Level 1 of the Elven Halls
 41159 | Elf:1    | Received a gift from Trog
 41231 | Elf:1    | Reached XP level 19. HP: 186/206 MP: 6/18
 41792 | Elf:2    | Received a gift from Trog
 41800 | Elf:2    | Got Haloit's Reference Book on Confrontation
 42139 | Elf:1    | Found Aweemit's Armour Shop.
 42185 | Elf:1    | Reached skill level 27 in Fighting
 42374 | Elf:1    | Got the Papyrus of Summoning
 42670 | Elf:1    | Paralysed by an air elemental for 1 turns
 42678 | Elf:1    | Paralysed by an air elemental for 1 turns
 43653 | Lair:6   | Killed Skiberibeda's ghost
 43661 | Lair:6   | Identified the ring of Charity {rPois rC+ rN++ rCorr Int-3}
 43966 | Vaults:1 | Entered Level 1 of the Vaults
 44515 | Vaults:1 | Received a gift from Trog
 44563 | Vaults:1 | Found Afiotix's Distillery.
 44567 | Vaults:1 | Bought 2 potions of heal wounds for 140 gold pieces
 44567 | Vaults:1 | Bought a potion of might for 56 gold pieces
 44567 | Vaults:1 | Bought a potion of resistance for 140 gold pieces
 44567 | Vaults:1 | Bought a potion of curing for 42 gold pieces
 44567 | Vaults:1 | Bought a potion of curing for 42 gold pieces
 44567 | Vaults:1 | Bought a potion of curing for 42 gold pieces
 44567 | Vaults:1 | Bought a potion of flight for 42 gold pieces
 44630 | Vaults:2 | Found Kyetwius's Assorted Antiques.
 46441 | Vaults:1 | Reached XP level 20. HP: 48/216 MP: 19/19
 47003 | Vaults:2 | Received a gift from Trog
 48161 | Vaults:1 | Annihilated by a white very ugly thing

Illustrated notes

Levels and vault maps discovered:
D:1:      minmay_arrival_cross, layout_rooms, serial_shops, shop
D:2:      layout_basic, shapermc_ecumenical_altar_pompeii, minmay_tromino_v4_b
D:3:      layout_loops_ring, gammafunk_ghost_necromancy, palyth_stone_intersect,
          grunt_ministairs_9
D:4:      minmay_spotlight, layout_basic, temple_green, serial_co_window_serial,
          co_window_paths_a, co_window_paths_a, co_window_paths_b,
          co_window_paths_b, co_window_paths_a, co_window_paths_b,
          co_window_paths_b, co_window_broadway_a, co_window_broadway_a,
          co_window_unsneaky_path_b, co_window_unsneaky_path_e, glass_columns_a,
          glass_columns_a, glass_columns_b, minmay_misc_feat_x,
          uniq_blork_the_orc, uniq_ijyb
D:5:      layout_basic, mainiacjoe_overflow_alcove_1
D:6:      layout_basic, ashenzari_conservatory_becter,
          mainiacjoe_overflow_boulevard, hangedman_abyss_or_decor_passed
D:7:      layout_basic, nicolae_tso_swordbearing_angel,
          gammafunk_temple_overflow_elements
D:8:      layout_basic, makhleb_grotto_becter
D:9:      layout_stronghold, mainiacjoe_overflow_surrounded_room,
          nicolae_hepliaklqana_hippocampus, elyvilon_altar_3,
          cheibrodos_worm_habitat, nicolae_shop_gadgets
D:10:     layout_cave_pools, lemuel_doored_altar,
          nicolae_qazlal_scattered_showers, due_lair_maze_entry_diamond,
          orc_0_dummy, serial_shops, nicolae_shop_crystal
D:11:     lemuel_flame_loot_2, layout_long_grid, minivault_4
D:12:     layout_loops_cross, gauntlet_entry_generic, uniq_psyche
D:13:     layout_loops_cross, lightli_vaults_fourway_checkpoint, serial_shops,
          shop, kennysheep_generic_room_5
D:14:     minmay_nested_s, layout_irregular_city, lemuel_coloured_pillars_altar,
          serial_shops, shop, portal_ice_cave_entry_pillars_four
D:15:     grunt_enter_depths_snipers, layout_layer_cave,
          grunt_decor_mini_mirrors, uniq_jorgrun
Temple:   dpeg_three_leaves_temple
Lair:1:   layout_regular_city, enter_volcano_1, serial_bayou_pond_c
Lair:2:   layout_small_grid, columned_hall_lemuel, grunt_megastairs_5,
          minmay_lair_oklob_chamber, serial_bayou_shore_a
Lair:3:   layout_roguey, nicolae_swamp_entry_splash_gauntlet, uniq_rupert
Lair:4:   layout_small_grid, guppyfry_snake_entry_garden, lemuel_fruit_fields
Lair:5:   layout_gridlike, grunt_megastairs_2
Lair:6:   due_jungle_book, layout_regular_city, dpeg_slime_entry_enclosed_altar,
          gammafunk_ghost_berserking_beasts
Swamp:1:  layout_falls_marsh, serial_swamp_ruin, evilmike_swamp_ruin_house_2,
          evilmike_swamp_ruin_house_5
Swamp:2:  cheibrodos_swamp_monstrosity, layout_basic_swamp,
          evilmike_swamp_ruin_rubble_2, infiniplex_staircase_pool
Swamp:3:  layout_falls_marsh, nicolae_swamp_fairy_circle, swamp_pool5,
          nicolae_swamp_some_circles
Swamp:4:  swamp_basic_johnstein, layout_basic_swamp
Snake:1:  layout_misc_corridors, nicolae_coiled_stairwell_down, uniq_kirke
Snake:2:  layout_basic, uniq_aizul, uniq_donald
Snake:3:  layout_cave_shapes, uniq_saint_roka
Snake:4:  grunt_snake_rune_spirals, layout_onion, serial_shops,
          nicolae_diamond_shop, uniq_vashnia
Orc:1:    layout_diamond_mine, basic_altar, uniq_nergalle
Orc:2:    st_orc_mages, layout_caves, basic_altar, serial_shops, shop
Elf:1:    eino_elf_arrival_customs, layout_geoelf_diagonals, serial_shops,
          nicolae_shop_behind_doors, evilmike_minifort, st_stairs_8,
          minmay_elf_sorcery
Elf:2:    nicolae_elf_blades_crystal_corner, layout_rooms
Vaults:1: vaults_room_door_ring, v_misc_8, ontoclasm_vaults_tryst,
          vaults_room_grunt_arrival_checkpoint, v_misc_27,
          nicolae_vaults_asterisk, layout_vaults_omnigrid, serial_shops, shop
Vaults:2: nicolae_vaults_circle_grid_a, v_rooms_2, vaults_mumra_minichess,
          nicolae_vaults_little_squares_4, vaults_standard_mumra_lines,
          grunt_vaults_hallway_long, vaults_room_fancy_cross,
          nicolae_vaults_network_quinsquares
          [nicolae_vaults_network_quincunx_subvault,
          nicolae_vaults_network_quincunx_subvault,
          nicolae_vaults_network_quincunx_subvault,
          nicolae_vaults_network_quincunx_subvault], v_misc_23,
          hangedman_vaults_trim, v_misc_26, nicolae_vaults_little_squares_1,
          layout_vaults_omnibox, mu_enter_wizlab_6, serial_shops, shop_fountains
Vaults:3: hangedman_vaults_corner_blocks, minmay_crypt_entry_simple_walls,
          v_rooms_6, nicolae_vaults_little_squares_3, ontoclasm_vaults_bender,
          v_misc_22, nicolae_vaults_windows_and_doors_thing, vaults_room_fours,
          hangedman_vaults_river_flow, ontoclasm_vaults_shuriken, serial_ice_b,
          ontoclasm_vaults_ligature, layout_vaults_maze_snakey

Skill      XL: |  1  2  3  4  5  6  7  8  9 10 11 12 13 14 15 16 17 18 19 20 |
---------------+-------------------------------------------------------------+-----
Fighting       | 4 5 6 7 9 10 12 14 16 18 20 22 24 25 26 27 | 27.0
Polearms       | 4 5 6 7 9 11 12 14 15 17 18 19 20 21 22 23 24 | 24.5
Throwing       | 1 |  1.0
Armour         | 3 5 10 12 13 14 | 14.9
Dodging        | 3 5 |  5.0
Bows           | 3 5 6 7 |  7.0
Evocations     | 1 2 |  2.0
Shields        | |  0.1

Action                   |  1- 3 |  4- 6 |  7- 9 | 10-12 | 13-15 | 16-18 | 19-21 || total
-------------------------+-------+-------+-------+-------+-------+-------+-------++-------
Melee: Spear             |    88 |   146 |   260 |       |       |       |       ||   494
       Headbutt          |     5 |    21 |    55 |   135 |   337 |   181 |   111 ||   845
       Trident           |       |       |     3 |   514 |  1068 |       |       ||  1585
       Glaive            |       |       |       |       |    43 |   976 |   555 ||  1574
 Fire: Shortbow          |       |       |    15 |    64 |   169 |   241 |    19 ||   508
Throw: Boomerang         |    42 |    37 |       |       |    29 |   154 |    19 ||   281
       Stone             |       |    11 |    32 |    32 |     4 |       |       ||    79
       Javelin           |       |       |       |       |       |    54 |     6 ||    60
Invok: Berserk           |     1 |     4 |     6 |     6 |    18 |    15 |    10 ||    60
       Trog's Hand       |       |       |     1 |     1 |     9 |     2 |     3 ||    16
       Brothers in Arms  |       |       |       |     3 |     4 |     3 |     4 ||    14
Evoke: Wand              |       |       |       |       |     2 |       |     1 ||     3
  Use: Scroll            |     7 |     1 |     8 |    15 |     6 |     8 |     4 ||    49
       Potion            |       |       |       |     1 |     4 |     3 |     4 ||    12
 Stab: Sleeping          |       |       |       |     1 |       |       |       ||     1
       Distracted        |       |       |       |       |     1 |     1 |       ||     2
       Petrifying        |       |       |       |       |       |     2 |       ||     2
Armor: Troll leather arm |    28 |    41 |    46 |    73 |   233 |       |       ||   421
       Swamp dragon scal |       |       |       |       |    11 |   413 |   180 ||   604
Dodge: Dodged            |    33 |    61 |    85 |   182 |   386 |   508 |   245 ||  1500
       Repelled          |       |       |       |       |       |    23 |     6 ||    29
Block: Buckler           |       |    18 |    11 |       |       |       |       ||    29
